TOP OF THE 1ST |
Boston Red Sox batting - Pitching for Baltimore Orioles : RHP Sean Parks
|
Pitching: RHP Sean Parks
|
|
Batting: SHB Robbie Rogers
|
0-0: Called Strike 0-1: SINGLE (Line Drive, 8LM, EV 91.9 MPH)
|
Batting: LHB Brian Gray
|
0-0: Called Strike Robbie Rogers steals 2nd base 0-1: Foul Ball, location: 2F 0-2: Foul Ball, location: 2F 0-2: Fly out, F8 (Flyball, 78D, EV 94.4 MPH)
|
Batting: LHB Ernesto Cedillos
|
0-0: Ground out 6-3 (Groundball, 6, EV 80.0 MPH) Robbie Rogers to third
|
Batting: SHB Rich Chavez
|
0-0: Foul Ball, location: 2F 0-1: Ball 1-1: Foul Ball, location: 2F 1-2: Ball 2-2: Foul Ball, location: 2F 2-2: Strikes out swinging
|
Top of the 1st over - 0 runs, 1 hit, 0 errors, 1 left on base; Boston 0 - Baltimore 0 |
BOTTOM OF THE 1ST |
Baltimore Orioles batting - Pitching for Boston Red Sox : LHP Ragnar Danielsson
|
Pitching: LHP Ragnar Danielsson
|
|
Batting: RHB Rudo Garciaparra
|
0-0: Foul Ball, location: 2F 0-1: Called Strike 0-2: Fly out, F6 (Popup, 6MD, EV 51.9 MPH)
|
Batting: LHB Brad Pepin
|
0-0: Called Strike 0-1: Ground out 4-3 (Groundball, 4, EV 102.5 MPH)
|
Batting: RHB Kevin Howard
|
0-0: Ball 1-0: Called Strike 1-1: Foul Ball, location: 2F 1-2: Strikes out swinging
|
Bottom of the 1st over - 0 runs, 0 hits, 0 errors, 0 left on base; Boston 0 - Baltimore 0 |
TOP OF THE 2ND |
Boston Red Sox batting - Pitching for Baltimore Orioles : RHP Sean Parks
|
Batting: LHB Kevin McCormic Jr.
|
0-0: Ball 1-0: Ball 2-0: Ball 3-0: Called Strike 3-1: Base on Balls
|
Batting: RHB Nick Esteves
|
0-0: Called Strike 0-1: Called Strike 0-2: Ball 1-2: SINGLE (Groundball, 34D, EV 95.6 MPH) Kevin McCormic Jr. to second Runner from 2nd tries for 3rd, OUT! 9-5 Nick Esteves to second
|
Batting: LHB John Bailey
|
0-0: Swinging Strike 0-1: Ball 1-1: Foul Ball, location: 2F 1-2: Ball 2-2: Foul Ball, location: 2F 2-2: Ball 3-2: Base on Balls
|
Batting: RHB Won-jun Park
|
0-0: Called Strike Nick Esteves steals 3rd base 0-1: Foul Ball, location: 2F 0-2: Foul Ball, location: 2F 0-2: Foul Ball, location: 2F 0-2: Ball 1-2: Ball 2-2: Strikes out swinging
|
Batting: RHB Brandon Perris
|
0-0: Ball 1-0: Ball 2-0: Called Strike 2-1: Swinging Strike 2-2: Foul Ball, location: 2F 2-2: Ball 3-2: Foul Ball, location: 2F 3-2: Strikes out looking
|
Top of the 2nd over - 0 runs, 1 hit, 0 errors, 2 left on base; Boston 0 - Baltimore 0 |
BOTTOM OF THE 2ND |
Baltimore Orioles batting - Pitching for Boston Red Sox : LHP Ragnar Danielsson
|
Batting: SHB Jason Hayes
|
0-0: Swinging Strike 0-1: Ball 1-1: Called Strike 1-2: Ball 2-2: Ball 3-2: Ground out 5-3 (Groundball, 5, EV 107.5 MPH)
|
Batting: RHB Marc Peckermark
|
0-0: Ball 1-0: Called Strike 1-1: Ball 2-1: Called Strike 2-2: Strikes out swinging
|
Batting: RHB Alex Rodriguez Jr.
|
0-0: Called Strike 0-1: Ball 1-1: Ground out 4-3 (Groundball, 4, EV 82.5 MPH)
|
Bottom of the 2nd over - 0 runs, 0 hits, 0 errors, 0 left on base; Boston 0 - Baltimore 0 |
TOP OF THE 3RD |
Boston Red Sox batting - Pitching for Baltimore Orioles : RHP Sean Parks
|
Batting: SHB Robbie Rogers
|
0-0: Called Strike 0-1: Ball 1-1: Ball 2-1: Swinging Strike 2-2: Ground out U3 (Groundball, 34, EV 77.5 MPH)
|
Batting: LHB Brian Gray
|
0-0: Called Strike 0-1: Called Strike 0-2: Ball 1-2: Ball 2-2: Strikes out swinging
|
Batting: LHB Ernesto Cedillos
|
0-0: Swinging Strike 0-1: Foul Ball, location: 2F 0-2: Foul Ball, location: 2F 0-2: Ball 1-2: Foul Ball, location: 2F 1-2: Ball 2-2: Strikes out swinging
|
Top of the 3rd over - 0 runs, 0 hits, 0 errors, 0 left on base; Boston 0 - Baltimore 0 |
BOTTOM OF THE 3RD |
Baltimore Orioles batting - Pitching for Boston Red Sox : LHP Ragnar Danielsson
|
Batting: RHB Andres Leon
|
0-0: Ball 1-0: Called Strike 1-1: Foul Ball, location: 2F 1-2: Strikes out looking
|
Batting: LHB Bob Melley
|
0-0: Foul Ball, location: 2F 0-1: Called Strike 0-2: Ball 1-2: Ball 2-2: Ball 3-2: Foul Ball, location: 2F 3-2: Base on Balls
|
Batting: RHB Josh Hamilton
|
0-0: Ball 1-0: Ball 2-0: Fly out, F8 (Flyball, 8RXD, EV 95.6 MPH)
|
Batting: RHB Rudo Garciaparra
|
0-0: Ball 1-0: Ball 2-0: Foul Ball, location: 2F 2-1: Called Strike 2-2: Ball 3-2: Ground out 6-3 (Groundball, 6MD, EV 85.0 MPH)
|
Bottom of the 3rd over - 0 runs, 0 hits, 0 errors, 1 left on base; Boston 0 - Baltimore 0 |
TOP OF THE 4TH |
Boston Red Sox batting - Pitching for Baltimore Orioles : RHP Sean Parks
|
Batting: SHB Rich Chavez
|
0-0: Ball 1-0: Ball 2-0: Called Strike 2-1: Swinging Strike 2-2: Foul Ball, location: 2F 2-2: Foul Ball, location: 2F 2-2: Fly out, F9 (Flyball, 89M, EV 94.4 MPH)
|
Batting: LHB Kevin McCormic Jr.
|
0-0: Called Strike 0-1: Ball 1-1: Ground out U3 (Groundball, 3S, EV 76.3 MPH)
|
Batting: RHB Nick Esteves
|
0-0: Ball 1-0: Ball 2-0: Called Strike 2-1: TRIPLE (Flyball, 9LD, EV 92.5 MPH)
|
Batting: LHB John Bailey
|
0-0: Called Strike 0-1: Ball 1-1: Foul Ball, location: 2F 1-2: Ball 2-2: SINGLE (Groundball, 34D, EV 104.4 MPH) Nick Esteves scores
|
Batting: RHB Won-jun Park
|
0-0: Ball 1-0: Called Strike 1-1: Ball 2-1: Foul Ball, location: 2F 2-2: Fly out, F8 (Flyball, 8RS, EV 85.0 MPH)
|
Top of the 4th over - 1 run, 2 hits, 0 errors, 1 left on base; Boston 1 - Baltimore 0 |
BOTTOM OF THE 4TH |
Baltimore Orioles batting - Pitching for Boston Red Sox : LHP Ragnar Danielsson
|
Batting: LHB Brad Pepin
|
0-0: Ball 1-0: Ball 2-0: Called Strike 2-1: Swinging Strike 2-2: Strikes out swinging
|
Batting: RHB Kevin Howard
|
0-0: Ball 1-0: Foul Ball, location: 2F 1-1: SINGLE (Line Drive, 8RS, EV 105.0 MPH)
|
Batting: SHB Jason Hayes
|
0-0: Called Strike 0-1: Called Strike 0-2: Ball 1-2: Ball 2-2: Ground out 5-3 (Groundball, 56S, EV 69.4 MPH) Kevin Howard to second
|
Batting: RHB Marc Peckermark
|
0-0: Called Strike 0-1: Ball 1-1: Called Strike 1-2: Foul Ball, location: 2F 1-2: Ball 2-2: Foul Ball, location: 2F 2-2: Ball 3-2: Base on Balls
|
Batting: RHB Alex Rodriguez Jr.
|
0-0: Ground out 4-3 (Groundball, 4, EV 100.6 MPH)
|
Bottom of the 4th over - 0 runs, 1 hit, 0 errors, 2 left on base; Boston 1 - Baltimore 0 |
TOP OF THE 5TH |
Boston Red Sox batting - Pitching for Baltimore Orioles : RHP Sean Parks
|
Batting: RHB Brandon Perris
|
0-0: Ball 1-0: Called Strike 1-1: Swinging Strike 1-2: Ground out 6-3 (Groundball, 6, EV 85.6 MPH)
|
Batting: SHB Robbie Rogers
|
0-0: Called Strike 0-1: Fly out, F7 (Flyball, 78S, EV 87.5 MPH)
|
Batting: LHB Brian Gray
|
0-0: Ball 1-0: Called Strike 1-1: Ball 2-1: Called Strike 2-2: Foul Ball, location: 2F 2-2: DOUBLE (Line Drive, 9LM, EV 101.9 MPH)
|
Batting: LHB Ernesto Cedillos
|
0-0: Ball 1-0: Ball 2-0: Ball 3-0: Ground out 6-3 (Groundball, 6, EV 105.0 MPH)
|
Top of the 5th over - 0 runs, 1 hit, 0 errors, 1 left on base; Boston 1 - Baltimore 0 |
BOTTOM OF THE 5TH |
Baltimore Orioles batting - Pitching for Boston Red Sox : LHP Ragnar Danielsson
|
Batting: RHB Andres Leon
|
0-0: Ball 1-0: Called Strike 1-1: Ball 2-1: Ground out U3 (Groundball, 3S, EV 84.4 MPH)
|
Batting: LHB Bob Melley
|
0-0: Ball 1-0: Ball 2-0: Ball 3-0: Called Strike 3-1: Called Strike 3-2: Base on Balls
|
Batting: RHB Josh Hamilton
|
0-0: Grounds into double play, 6-4-3 (Groundball, 6, EV 85.0 MPH)
|
Bottom of the 5th over - 0 runs, 0 hits, 0 errors, 0 left on base; Boston 1 - Baltimore 0 |
TOP OF THE 6TH |
Boston Red Sox batting - Pitching for Baltimore Orioles : RHP Sean Parks
|
Batting: SHB Rich Chavez
|
0-0: Called Strike 0-1: Ball 1-1: Ball 2-1: Fly out, F8 (Line Drive, 8RD, EV 105.0 MPH)
|
Pitching: RHP Tony Huete
|
|
Batting: LHB Kevin McCormic Jr.
|
0-0: Ball 1-0: Ball 2-0: Fly out, F5 (Line Drive, 5, EV 66.9 MPH)
|
Batting: RHB Nick Esteves
|
0-0: Foul Ball, location: 2F 0-1: Ball 1-1: DOUBLE (Line Drive, 9LS, EV 108.8 MPH)
|
Batting: LHB John Bailey
|
0-0: Ball 1-0: Swinging Strike 1-1: Foul Ball, location: 2F 1-2: Strikes out swinging
|
Top of the 6th over - 0 runs, 1 hit, 0 errors, 1 left on base; Boston 1 - Baltimore 0 |
BOTTOM OF THE 6TH |
Baltimore Orioles batting - Pitching for Boston Red Sox : LHP Ragnar Danielsson
|
Batting: RHB Rudo Garciaparra
|
0-0: Ground out 4-3 (Groundball, 13, EV 83.8 MPH)
|
Batting: LHB Brad Pepin
|
0-0: Swinging Strike 0-1: Ground out U3 (Groundball, 3, EV 103.1 MPH)
|
Batting: RHB Kevin Howard
|
0-0: Ball 1-0: Ball 2-0: Fly out, F9 (Line Drive, 9D, EV 98.1 MPH)
|
Bottom of the 6th over - 0 runs, 0 hits, 0 errors, 0 left on base; Boston 1 - Baltimore 0 |
TOP OF THE 7TH |
Boston Red Sox batting - Pitching for Baltimore Orioles : RHP Tony Huete
|
Pitching: RHP Joon-ho Rhee
|
|
Batting: RHB Won-jun Park
|
0-0: Foul Ball, location: 2F 0-1: Ball 1-1: SINGLE (Line Drive, 56D, EV 98.8 MPH)
|
Batting: RHB Brandon Perris
|
0-0: SINGLE (Flyball, 8RS, EV 98.1 MPH) Won-jun Park to second Runner from 2nd tries for 3rd, SAFE, throw by CF made to third
|
Batting: SHB Robbie Rogers
|
0-0: Ball 1-0: Called Strike 1-1: Swinging Strike 1-2: Ground out 4-3 (Groundball, 4, EV 109.4 MPH) Brandon Perris to second
|
Batting: LHB Brian Gray
|
0-0: Ball 1-0: Ball 2-0: Ball 3-0: Called Strike 3-1: Fly out, F8 (Flyball, 8LXD, EV 105.0 MPH) Runner from 3rd tags up, SCORES, no throw by CF
|
Batting: LHB Ernesto Cedillos
|
0-0: Ball 1-0: Ball 2-0: Called Strike 2-1: Called Strike 2-2: Fly out, F2 (Popup, 13S, EV 78.8 MPH)
|
Top of the 7th over - 1 run, 2 hits, 0 errors, 1 left on base; Boston 2 - Baltimore 0 |
BOTTOM OF THE 7TH |
Baltimore Orioles batting - Pitching for Boston Red Sox : LHP Ragnar Danielsson
|
Batting: SHB Jason Hayes
|
0-0: Ball 1-0: Foul Ball, location: 2F 1-1: SOLO HOME RUN (Flyball, 78XD, EV 110.0 MPH), Distance : 416 ft
|
Batting: RHB Marc Peckermark
|
0-0: Called Strike 0-1: Ground out 6-3 (Groundball, 6, EV 89.4 MPH)
|
Batting: RHB Alex Rodriguez Jr.
|
0-0: Ball 1-0: Foul Ball, location: 2F 1-1: Ball 2-1: Called Strike 2-2: Strikes out swinging
|
Batting: RHB Andres Leon
|
0-0: Called Strike 0-1: Ball 1-1: Foul Ball, location: 2F 1-2: SINGLE (Groundball, 4MS, EV 68.8 MPH) (infield hit)
|
Pitching: LHP Zack McGovern
|
|
Pinch Hitting: RHB Saimei Kudo
|
0-0: Ball 1-0: Ball 2-0: Fielders Choice at 2nd, 5-4 (Groundball, 56, EV 107.5 MPH)
|
Bottom of the 7th over - 1 run, 2 hits, 0 errors, 1 left on base; Boston 2 - Baltimore 1 |
TOP OF THE 8TH |
Boston Red Sox batting - Pitching for Baltimore Orioles : RHP Joon-ho Rhee
|
Pitching: LHP Matt Tomlinson
|
|
Now in LF: Brad Pepin
|
|
Now in CF: Marc Peckermark
|
|
Now in RF: Saimei Kudo
|
|
Batting: SHB Rich Chavez
|
0-0: Ball 1-0: Called Strike 1-1: Ground out 6-3 (Groundball, 6, EV 83.1 MPH)
|
Batting: LHB Kevin McCormic Jr.
|
0-0: SINGLE (Groundball, 34D, EV 94.4 MPH)
|
Batting: RHB Nick Esteves
|
0-0: Called Strike 0-1: Ball 1-1: Swinging Strike 1-2: Strikes out looking
|
Batting: LHB John Bailey
|
0-0: Ball 1-0: Foul Ball, location: 2F 1-1: Foul Ball, location: 2F 1-2: Strikes out swinging
|
Top of the 8th over - 0 runs, 1 hit, 0 errors, 1 left on base; Boston 2 - Baltimore 1 |
BOTTOM OF THE 8TH |
Baltimore Orioles batting - Pitching for Boston Red Sox : LHP Zack McGovern
|
Now in RF: Scott Treider
|
|
Batting: RHB Josh Hamilton
|
0-0: Ball 1-0: Foul Ball, location: 2F 1-1: Ball 2-1: Swinging Strike 2-2: Foul Ball, location: 2F 2-2: Foul Ball, location: 2F 2-2: SOLO HOME RUN (Flyball, 89XD, EV 104.4 MPH), Distance : 386 ft
|
Batting: RHB Rudo Garciaparra
|
0-0: Ball 1-0: Called Strike 1-1: Called Strike 1-2: Ball 2-2: Strikes out swinging
|
Batting: LHB Brad Pepin
|
0-0: Ball 1-0: Foul Ball, location: 2F 1-1: Foul Ball, location: 2F 1-2: DOUBLE (Flyball, 78XD, EV 110.0 MPH)
|
Pitching: RHP Edgar Saldivar
|
|
Batting: RHB Kevin Howard
|
0-0: Ball 1-0: Foul Ball, location: 2F 1-1: Ball 2-1: Called Strike 2-2: Fly out, F8 (Flyball, 8RD, EV 101.3 MPH)
|
Batting: SHB Jason Hayes
|
0-0: Called Strike 0-1: Ball 1-1: Swinging Strike 1-2: Ball 2-2: Strikes out looking
|
Bottom of the 8th over - 1 run, 2 hits, 0 errors, 1 left on base; Boston 2 - Baltimore 2 |
TOP OF THE 9TH |
Boston Red Sox batting - Pitching for Baltimore Orioles : LHP Matt Tomlinson
|
Batting: RHB Won-jun Park
|
0-0: Swinging Strike 0-1: Swinging Strike 0-2: Ball 1-2: Ball 2-2: Strikes out swinging
|
Pinch Hitting: SHB Marvin Lawrence
|
0-0: Ball 1-0: Ground out 5-3 (Groundball, 5S, EV 86.3 MPH)
|
Batting: SHB Robbie Rogers
|
0-0: Ball 1-0: Foul Ball, location: 2F 1-1: Ball 2-1: DOUBLE (Line Drive, 89D, EV 107.5 MPH)
|
Pinch Hitting: RHB Bill Turnbull
|
0-0: Intentional Walk
|
Pinch Hitting: RHB Chris Lane
|
0-0: Ball 1-0: Called Strike 1-1: Ball 2-1: Swinging Strike 2-2: Ball 3-2: Base on Balls Robbie Rogers to third Bill Turnbull to second
|
Batting: SHB Rich Chavez
|
0-0: Ball 1-0: Ball 2-0: Ball 3-0: Ground out 6-3 (Groundball, 6M, EV 110.0 MPH)
|
Top of the 9th over - 0 runs, 1 hit, 0 errors, 3 left on base; Boston 2 - Baltimore 2 |
BOTTOM OF THE 9TH |
Baltimore Orioles batting - Pitching for Boston Red Sox : RHP Edgar Saldivar
|
Pitching: RHP Guadalupe Vasguez
|
|
Now at 1B: Bill Turnbull
|
|
Now at SS: Chris Lane
|
|
Now in LF: Shoichi Aso
|
|
Pinch Hitting: LHB Stu Sornson
|
0-0: Ground out U3 (Groundball, 34S, EV 78.1 MPH)
|
Pinch Hitting: LHB Paul Diaz
|
0-0: Called Strike 0-1: Swinging Strike 0-2: Ball 1-2: Strikes out swinging
|
Pinch Hitting: LHB Gabe Pace
|
0-0: SINGLE (Groundball, 34S, EV 65.0 MPH) (infield hit)
|
Batting: RHB Saimei Kudo
|
0-0: Ball Gabe Pace is caught stealing 2nd base 2-4
|
Bottom of the 9th over - 0 runs, 1 hit, 0 errors, 0 left on base; Boston 2 - Baltimore 2 |
TOP OF THE 10TH |
Boston Red Sox batting - Pitching for Baltimore Orioles : LHP Matt Tomlinson
|
Pitching: RHP Errol Dondale
|
|
Now at 2B: Paul Diaz
|
|
Now at SS: Saimei Kudo
|
|
Now in LF: Stu Sornson
|
|
Now in CF: Brad Pepin
|
|
Now in RF: Gabe Pace
|
|
Batting: RHB Scott Treider
|
0-0: Ball 1-0: Fly out, F9 (Flyball, 89M, EV 86.3 MPH)
|
Batting: RHB Nick Esteves
|
0-0: Foul Ball, location: 2F 0-1: Fly out, F4 (Popup, 34S, EV 80.0 MPH)
|
Batting: LHB John Bailey
|
0-0: Called Strike 0-1: Ball 1-1: Swinging Strike 1-2: Ball 2-2: Strikes out looking
|
Top of the 10th over - 0 runs, 0 hits, 0 errors, 0 left on base; Boston 2 - Baltimore 2 |
BOTTOM OF THE 10TH |
Baltimore Orioles batting - Pitching for Boston Red Sox : RHP Guadalupe Vasguez
|
Batting: RHB Saimei Kudo
|
0-0: Ball 1-0: Ball 2-0: Foul Ball, location: 2F 2-1: Called Strike 2-2: Ball 3-2: Ground out 6-3 (Groundball, 6, EV 105.0 MPH)
|
Batting: RHB Josh Hamilton
|
0-0: Ball 1-0: Ball 2-0: Foul Ball, location: 2F 2-1: Foul Ball, location: 2F 2-2: Ball 3-2: Base on Balls
|
Batting: RHB Rudo Garciaparra
|
0-0: Ball 1-0: Fly out, F9 (Flyball, 9LS, EV 83.1 MPH)
|
Batting: LHB Brad Pepin
|
0-0: Ball 1-0: Fly out, F5 (Line Drive, 5, EV 65.6 MPH)
|
Bottom of the 10th over - 0 runs, 0 hits, 0 errors, 1 left on base; Boston 2 - Baltimore 2 |
TOP OF THE 11TH |
Boston Red Sox batting - Pitching for Baltimore Orioles : RHP Errol Dondale
|
Batting: RHB Won-jun Park
|
0-0: Ball 1-0: Ball 2-0: Called Strike 2-1: Foul Ball, location: 2F 2-2: Ball 3-2: Fly out, F6 (Popup, 4M, EV 75.6 MPH)
|
Batting: LHB Shoichi Aso
|
0-0: Swinging Strike 0-1: Called Strike 0-2: Strikes out swinging
|
Batting: SHB Robbie Rogers
|
0-0: Ball 1-0: Ball 2-0: Ball 3-0: Called Strike 3-1: Base on Balls
|
Batting: RHB Bill Turnbull
|
0-0: Ball 1-0: Ball Robbie Rogers steals 2nd base 2-0: Foul Ball, location: 2F 2-1: Ground out 4-3 (Groundball, 4M, EV 95.6 MPH)
|
Top of the 11th over - 0 runs, 0 hits, 0 errors, 1 left on base; Boston 2 - Baltimore 2 |
BOTTOM OF THE 11TH |
Baltimore Orioles batting - Pitching for Boston Red Sox : RHP Guadalupe Vasguez
|
Batting: RHB Kevin Howard
|
0-0: SINGLE (Line Drive, 4D, EV 102.5 MPH)
|
Batting: SHB Jason Hayes
|
0-0: Ball 1-0: Foul Ball, location: 2F 1-1: Foul Ball, location: 2F 1-2: Ball 2-2: DOUBLE (Flyball, 8LXD, EV 98.8 MPH) Kevin Howard to third Runner from 3rd tries for Home, throw by CF and OUT! 8-4-2
|
Pitching: RHP Fred Huber
|
|
Batting: LHB Stu Sornson
|
0-0: Ball 1-0: Ball 2-0: Ball 3-0: Called Strike 3-1: Foul Ball, location: 2F 3-2: Base on Balls
|
Batting: LHB Paul Diaz
|
0-0: Ball 1-0: Called Strike 1-1: Ball 2-1: SINGLE (Groundball, 4MS, EV 63.1 MPH) (infield hit) Jason Hayes to third Stu Sornson to second
|
Batting: LHB Gabe Pace
|
0-0: Swinging Strike 0-1: Foul Ball, location: 2F 0-2: Strikes out looking
|
Batting: RHB Saimei Kudo
|
0-0: Ball 1-0: Ball 2-0: Foul Ball, location: 2F 2-1: Ball 3-1: Called Strike 3-2: SINGLE (Flyball, 8RS, EV 91.9 MPH) Jason Hayes scores
|
Bottom of the 11th over - 1 run, 4 hits, 0 errors, 0 left on base; Boston 2 - Baltimore 3 |
|
Game Over ... Baltimore defeats Boston, 3 to 2
|
|
|